 Dungeon Crawl Stone Soup version 0.30-a0-634-g8abc85282e (webtiles) character file.

Game seed: 6934957346039466961

8468 holysushi the Slicer (level 11, -3/94 HPs)
             Began as a Meteoran Fighter on Jan 15, 2023.
             Was a Believer of Uskayaw.
             Slain by a troll (7 damage)
             ... on level 8 of the Dungeon.
             The game lasted 00:24:44 (3692 turns).

holysushi the Slicer (Meteoran Fighter)             Turns: 3692, Time: 00:24:44

Health: -3/94      AC:  8    Str: 18    XL:     11   Next: 86%
Magic:  15/15      EV: 14    Int: 10    God:    Uskayaw [**....]
Gold:   415        SH:  7    Dex: 18    Spells: 8/12 levels left

rFire   . . .      SeeInvis .    r - +2 dagger (venom)
rCold   . . .      Faith    .    c - +1 buckler
rNeg    . . .      Spirit   .    b - +0 scale mail
rPois   .          Reflect  .    (no helmet)
rElec   .          Harm     .    (no cloak)
rCorr   .          Rampage  .    u - +0 pair of gloves
Will    +....                    (no boots)
Stlth   +                        (no amulet)
HPRegen 0.35/turn                x - ring of wizardry
MPRegen 0.14/turn                (no ring)

@: mighty, about to teleport, glowing, studying Polearms
A: sense surroundings 2, otherworldly, glowing, explore regen
a: Renounce Religion, Stomp, Line Pass


You were on level 8 of the Dungeon.
You worshipped Uskayaw.
Uskayaw was noncommittal.
You visited 1 branch of the dungeon, and saw 8 of its levels.
You also visited: Bailey.

You collected 425 gold pieces.
You spent 10 gold pieces at shops.

Inventory:

Hand Weapons
 a - a +0 rapier of protection
 l - the +8 whip "Eprowk Tyxu" {elec, rC+ Str+4 Dex-3}
   (You found it on level 2 of the Dungeon)

   Str:       It affects your strength (+4).
   Dex:       It affects your dexterity (-3).
   rC:        It protects you from cold.
 r - a +2 dagger of venom (weapon)
Missiles
 i - 9 javelins (quivered)
 C - a throwing net
Armour
 b - a +0 scale mail (worn)
 c - a +1 buckler (worn)
 j - a +0 chain mail
 u - a +0 pair of gloves (worn)
 B - a scarf of harm
Jewellery
 o - a ring of ice
 x - a ring of wizardry (left hand)
Wands
 e - a wand of quicksilver (6)
 k - a wand of flame (22)
Scrolls
 g - 2 scrolls of vulnerability
 h - 2 scrolls of fog
 t - a scroll of poison
Potions
 d - a potion of might
 m - a potion of degeneration
 n - 2 potions of flight
 p - a potion of lignification
 v - 2 potions of brilliance {unknown}
 w - 2 potions of heal wounds {unknown}
 z - 3 potions of mutation {unknown}


   Skills:
 - Level 8.2 Fighting
 * Level 13.8 Short Blades
 - Level 3.6 Armour
 + Level 9.3 Dodging
 - Level 1.0 Stealth
 - Level 7.1 Shields
 - Level 1.0 Spellcasting
 - Level 3.0 Translocations
 - Level 5.0 Invocations


You had 8 spell levels left.
You knew the following spells:

 Your Spells              Type           Power      Damage    Failure   Level
a - Apportation           Tloc           12%        N/A       16%         1
b - Mephitic Cloud        Conj/Pois/Air  0%         N/A       82%         3

Your spell library contained the following spells:

 Spells                   Type           Power      Damage    Failure   Level
 Magic Dart               Conj           0%         1d3       45%         1
 Necrotise                Necr           0%         1d4       45%         1
 Shock                    Conj/Air       0%         1d3       45%         1
 Summon Small Mammal      Summ           0%         N/A       45%         1
 Call Imp                 Summ           0%         N/A       58%         2
 Ozocubu's Armour         Ice            0%         N/A       82%         3
 Swiftness                Air            0%         N/A       82%         3
 Airstrike                Air            0%         2d(0-16)  99%         4
 Ozocubu's Refrigeration  Ice            0%         4d7       100%        7


Dungeon Overview and Level Annotations

Branches:
Dungeon (8/15) Zot: 1586   Temple (0/1) D:4          Bailey (visited)
   Lair: D:8-11

Altars:
Uskayaw
Xom

Shops:
D:3 *


Innate Abilities, Weirdness & Mutations

You passively map the area around you.
You are easily found by Zot.
You glow in the dark.
You regain HP and MP as you explore.


Message History

The two-headed ogre is almost dead.
The two-headed ogre hits you with a +0 giant spiked club!!
The two-headed ogre hits you with a +0 giant club!
You hit the two-headed ogre.
The two-headed ogre looks as sick as possible!
The two-headed ogre is almost dead.
You hit the two-headed ogre.
You kill the two-headed ogre!
You can now pass through a line of other dancers.
Your life force feels restored.
You barely miss the troll.
You feel better. The troll bites you but does no damage.
The troll claws you. x2
* * * LOW HITPOINT WARNING * * *
You hit the troll.
The troll is lightly wounded.
The troll misses you. The troll completely misses you. The troll claws you.
* * * LOW HITPOINT WARNING * * *
You feel very mighty all of a sudden.
You block the troll's attack. x2; The troll barely misses you.
You closely miss the troll.
The troll is lightly wounded.
You puncture the troll!
The troll is moderately wounded.
The troll bites you!
* * * LOW HITPOINT WARNING * * *
You block the troll's attack. The troll claws you.
* * * LOW HITPOINT WARNING * * *
As you read the scroll of teleportation, it crumbles to dust.
You feel strangely unstable. The troll bites you.
* * * LOW HITPOINT WARNING * * *
The troll claws you.
* * * LOW HITPOINT WARNING * * *
The troll claws you.
* * * LOW HITPOINT WARNING * * *
You feel better. You block the troll's attack. The troll claws you!
* * * LOW HITPOINT WARNING * * *
You block the troll's attack. The troll attacks as you move away!
The troll completely misses you. You block the troll's attack.
The troll claws you!
You die...

### ***** #.. , #.# *
* #.# , , ## #.#* T.,
######.#* ,.# **
####.)....###.###
#...T#.#........#
#..@.#.#...##.#.#
#..###.###.##.#.###
*#...#.... #.##.....#*
#.)#.#######..#.#.#.##
#....~≈≈≈≈≈~.........>
#. ..#######....#.#(#*
#,...#.....#..).....##
** ...###.#
#..###.###. * , , ,
,#.#...## #.(...


You could see a troll.

Vanquished Creatures
  A boulder beetle (D:7)
  A two-headed ogre (D:8)
  A cyclops (D:8)
  A hornet (D:5)
  Prince Ribbit (D:5)
  2 steam dragons (D:7)
  A basilisk (D:7)
  5 orc warriors (Bailey)
  2 ice beasts
  2 ogres (D:5)
  A centaur (D:7)
  A phantom (D:5)
  Blork the orc (D:5)
  A bullfrog (D:8)
  A scorpion (D:4)
  2 gnoll sergeants (D:6)
  4 wights (D:8)
  4 jellies
  5 hounds
  2 gnoll boudas
  4 orc priests
  Ijyb (D:3)
  2 orc wizards
  18 gnolls
  5 adders
  A shadow imp (D:6)
  2 white imps
  3 ufetubi
  3 worms
  2 dart slugs
  20 orcs
  9 ball pythons
  7 endoplasms
  3 giant cockroaches
  14 goblins
  6 hobgoblins
  5 jackals
  3 quokkas
  9 bats
  4 frilled lizards
  13 kobolds
  4 rats
177 creatures vanquished.

Notes
Turn   | Place    | Note
-------+----------+-------------------------------------------
     0 | D:1      | holysushi the Meteoran Fighter began the quest for the Orb.
     0 | D:1      | Reached XP level 1. HP: 19/19 MP: 2/2
    50 | D:1      | Reached XP level 2. HP: 26/26 MP: 3/3
   117 | D:1      | Reached skill level 3 in Short Blades
   274 | D:1      | Reached XP level 3. HP: 28/31 MP: 4/4
   384 | D:2      | Identified the +8 whip "Eprowk Tyxu" {elec, rC+ Str+4
                  | Dex-3}
   479 | D:2      | Reached skill level 4 in Short Blades
   514 | D:2      | Found a shimmering altar of Xom.
   522 | D:2      | Found a faded altar of an unknown god.
   533 | D:2      | Prayed at the altar of an unknown god.
   533 | D:2      | Became a worshipper of Uskayaw the Reveller
   533 | D:2      | Reached * piety under Uskayaw
   653 | D:2      | Reached ** piety under Uskayaw
   655 | D:2      | Reached XP level 4. HP: 34/38 MP: 5/5
   828 | D:3      | Reached skill level 1 in Invocations
   936 | D:3      | Found Leuras's General Store.
   944 | D:3      | Bought a potion of degeneration for 10 gold pieces
   956 | D:3      | Noticed Ijyb
   975 | D:3      | Reached *** piety under Uskayaw
   976 | D:3      | Killed Ijyb
   977 | D:3      | Reached skill level 1 in Dodging
   977 | D:3      | Reached XP level 5. HP: 22/45 MP: 5/7
   982 | D:3      | Reached **** piety under Uskayaw
  1084 | D:3      | Reached skill level 5 in Short Blades
  1414 | D:4      | Reached XP level 6. HP: 37/51 MP: 8/8
  1545 | D:4      | Reached skill level 1 in Stealth
  1545 | D:4      | Reached XP level 7. HP: 14/57 MP: 10/10
  1569 | D:4      | Reached skill level 6 in Short Blades
  1697 | D:4      | You fall into a shaft and drop 2 floors!
  1708 | D:5      | Entered Level 5 of the Dungeon
  1715 | D:5      | Noticed Blork the orc
  1738 | D:5      | Killed Blork the orc
  1802 | D:4      | Found a staircase to the Ecumenical Temple.
  1838 | D:5      | Noticed a hornet
  1854 | D:5      | Killed a hornet
  1855 | D:5      | Reached skill level 7 in Short Blades
  1855 | D:5      | Reached XP level 8. HP: 54/63 MP: 11/11
  1857 | D:5      | Noticed Prince Ribbit
  1908 | D:5      | Killed Prince Ribbit
  1909 | D:5      | Reached skill level 8 in Short Blades
  1909 | D:5      | Reached skill level 5 in Dodging
  1935 | D:5      | Reached skill level 9 in Short Blades
  1959 | D:5      | Gained mutation: You passively map the area around you.
                  | [Meteoran growth]
  1959 | D:5      | Reached XP level 9. HP: 35/70 MP: 12/12
  2021 | D:5      | Learned a level 1 spell: Apportation
  2121 | D:5      | Learned a level 3 spell: Mephitic Cloud
  2445 | D:6      | Reached skill level 10 in Short Blades
  2770 | D:7      | Reached skill level 5 in Invocations
  2867 | D:7      | Noticed a boulder beetle
  2907 | D:7      | Killed a boulder beetle
  2908 | D:7      | Reached skill level 5 in Fighting
  2908 | D:7      | Reached skill level 11 in Short Blades
  2908 | D:7      | Reached skill level 1 in Spellcasting
  2908 | D:7      | Reached XP level 10. HP: 28/83 MP: 14/14
  3093 | D:8      | Noticed a cyclops
  3111 | D:8      | Killed a cyclops
  3152 | D:8      | Found a flagged portal.
  3161 | Bailey   | Entered a bailey
  3166 | Bailey   | Noticed an orc warlord
  3195 | Bailey   | Reached skill level 12 in Short Blades
  3319 | Bailey   | Found a runed translucent gate.
  3321 | Bailey   | Found a runed translucent gate.
  3323 | Bailey   | Found a runed translucent gate.
  3443 | D:8      | Reached skill level 13 in Short Blades
  3443 | D:8      | Reached XP level 11. HP: 25/94 MP: 15/15
  3658 | D:8      | Noticed a two-headed ogre
  3682 | D:8      | Killed a two-headed ogre
  3689 | D:8      | HP: 3/94 [troll (5)]
  3692 | D:8      | Slain by a troll

Illustrated notes

Levels and vault maps discovered:
D:1:      giann_horns, layout_basic
D:2:      layout_loops_ring, basic_altar, chequers_ecumenical_altar_simple,
          corner_web_ring, minmay_tiny_reverse_x
D:3:      layout_basic, serial_shops, nicolae_shop_advertising_works
          [nicolae_subvault_shop_adworks], mrwooster_statue_mirror,
          uniq_terence, uniq_ijyb
D:4:      layout_loops_corners, minmay_temple_entry_from_below_b,
          minmay_splitting_lines, minmay_crystal_room
D:5:      layout_rooms, minmay_diced_spiral, uniq_blork_the_orc,
          uniq_prince_ribbit1
D:6:      layout_cave_pools
D:7:      layout_loops_ring, minmay_misc_feat_roman
D:8:      layout_loops_ring, enter_bailey_8, enter_ossuary_3, grunt_decor_cap,
          minmay_misc_feat_nine_boxes, hex_medium, kennysheep_generic_room_13

Skill      XL: |  1  2  3  4  5  6  7  8  9 10 |
---------------+-------------------------------+-----
Short Blades   | 3 4 5 7 9 11 13 | 13.8
Invocations    | 1 2 3 5 |  5.0
Dodging        | 1 2 4 5 9 |  9.3
Stealth        | 1 |  1.0
Fighting       | 5 8 |  8.2
Spellcasting   | 1 |  1.0
Translocations | 2 3 |  3.0
Shields        | 7 |  7.1
Armour         | |  3.6

Action                   |  1- 3 |  4- 6 |  7- 9 | 10-12 || total
-------------------------+-------+-------+-------+-------++-------
Melee: Rapier            |   105 |   106 |       |       ||   211
       Dagger            |       |    49 |   339 |   208 ||   596
 Cast: Apportation       |       |       |     1 |     2 ||     3
Invok: Stomp             |       |     4 |     9 |     5 ||    18
       Line Pass         |       |       |       |     2 ||     2
Evoke: Wand              |       |     9 |     9 |     3 ||    21
  Use: Scroll            |     6 |     5 |     5 |     8 ||    24
       Potion            |       |       |     3 |     6 ||     9
 Stab: Paralysed         |       |     1 |     8 |     1 ||    10
       Confused          |       |       |       |     3 ||     3
Armor: Scale mail        |    16 |    24 |    89 |    39 ||   168
       Chain mail        |    41 |    59 |       |       ||   100
Dodge: Dodged            |    33 |    37 |   113 |    55 ||   238
Block: Buckler           |    30 |    29 |    63 |    34 ||   156

Table legend: (Time is in decaauts)
 A = Elapsed time spent in this place.
 B = Non-inter-level travel time spent in this place.
 C = Inter-level travel time spent in this place.
 D = Time resting spent in this place.
 E = Time spent auto-exploring this place.
 F = Levels seen in this place.
 G = Mean time per level.
                   A        B        C        D        E       F      G
               +--------+--------+--------+--------+--------+-----+--------+
         Total |   3445 |   3378 |     67 |     30 |      0 |   9 |  382.8 |
       Dungeon |   3213 |   3146 |     67 |     30 |      0 |   8 |  401.6 |
        Bailey |    232 |    232 |      0 |      0 |      0 |   1 |  232.0 |
               +--------+--------+--------+--------+--------+-----+--------+

Top non-repeatable levels by time:
     D:3: 476 daAuts
     D:7: 428 daAuts
     D:2: 418 daAuts
     D:4: 413 daAuts
     D:1: 409 daAuts
     D:5: 377 daAuts
     D:6: 360 daAuts
     D:8: 330 daAuts
  Bailey: 232 daAuts
